 Dungeon Crawl Stone Soup version 0.20.1-1-g8b1a95d (webtiles) character file.

1689570 libidonplus the Conqueror (level 27, 185/245 HPs)
             Began as a Minotaur Berserker on Aug 21, 2017.
             Was a High Priest of Trog.
             Escaped with the Orb
             ... and 3 runes on Sept 21, 2017!
             The game lasted 09:20:17 (72360 turns).

libidonplus the Conqueror (Minotaur Berserker)     Turns: 72360, Time: 09:20:18

Health: 185/245    AC: 43    Str: 40      XL:     27
Magic:  22/22      EV: 27    Int:  0      God:    Trog [*****.]
Gold:   6737       SH:  0    Dex: 15 (17) Spells: 26/26 levels left

rFire    + + .     SeeInvis .   a - +9 demon whip (pain)
rCold    + . .     Gourm    .   (no shield)
rNeg     + + .     Faith    .   X - +9 plate armour of the Curious Lovers {-Cast rCorr Dex+9 Stlth-}
rPois    .         Spirit   .   (helmet unavailable)
rElec    .         Reflect  .   s - scarf {rC+ rF+}
rCorr    +         Harm     .   S - +2 pair of gloves {archery}
MR       +++++     NoTele   +   j - +2 pair of boots Stlth ..........NoCast +
                                k - amulet of regeneration
Regen    0.9/turn               K - ring "Feter" {rN+ Str+4 Stlth-}
MPRegen  0.2/turn               E - ring of Ekhut {-Tele rN+ MR+++ Str+4 Dex-3}

@: slowed, lost intelligence, very slow
A: retaliatory headbutt, horns 3, molten scales 1, slimy green scales 1, clumsy
1, deterioration 2, dopey 2, fire resistance 1, frail 1, screaming 1
0: Orb of Zot
}: 3/15 runes: decaying, serpentine, silver
a: Berserk, Trog's Hand, Brothers in Arms, Burn Spellbooks, Renounce Religion


You escaped.
You worshipped Trog.
Trog was extremely pleased with you.
You were full.

You visited 10 branches of the dungeon, and saw 50 of its levels.
You also visited: Ice Cave.

You collected 7444 gold pieces.
You spent 707 gold pieces at shops.

Inventory:

Hand Weapons
 a - a +9 demon whip of pain (weapon)
 b - a +8 triple crossbow of freezing
Missiles
 h - 3075 bolts
Armour
 j - a +2 pair of boots (worn)
 s - a scarf of resistance (worn)
 S - a +2 pair of gloves of archery (worn)
 X - the +9 plate armour of the Curious Lovers (worn) {-Cast rCorr Dex+9 Stlth-}
   (You found it on level 2 of the Lair of Beasts)

   It affects your dexterity (+9).
   It prevents spellcasting.
   It protects you from acid and corrosion.
   It makes you less stealthy.
Jewellery
 k - an amulet of regeneration (around neck)
 E - the ring of Ekhut (right hand) {-Tele rN+ MR+++ Str+4 Dex-3}
   (You found it on level 5 of the Dungeon)

   [ring of dexterity]

   It affects your strength (+4).
   It affects your dexterity (-3).
   It protects you from negative energy.
   It affects your resistance to hostile enchantments.
   It prevents most forms of teleportation.
 K - the ring "Feter" (left hand) {rN+ Str+4 Stlth-}
   (You found it on level 2 of the Elven Halls)

   [ring of loudness]

   It affects your strength (+4).
   It protects you from negative energy.
   It makes you less stealthy.
Wands
 q - a wand of digging (6/24)
Scrolls
 l - 4 scrolls of silence
 m - 6 scrolls of magic mapping
 o - 19 scrolls of remove curse
 r - 22 scrolls of teleportation
 y - 6 scrolls of fog
 z - 2 scrolls of holy word
 A - 15 scrolls of identify
 C - 5 scrolls of blinking
 J - 2 scrolls of summoning
 M - 2 scrolls of vulnerability
 O - 2 scrolls of torment
 P - a scroll of noise
 R - 12 scrolls of fear
 U - 6 scrolls of immolation
 W - 4 scrolls of recharging
Potions
 f - 16 potions of curing
 g - a potion of cancellation
 i - a potion of berserk rage
 t - a potion of magic
 u - 2 potions of resistance
 w - 4 potions of agility
 B - a potion of brilliance
 D - 6 potions of invisibility
 G - 6 potions of flight
 H - 3 potions of might
 I - a potion of haste
 L - 7 potions of heal wounds
 Q - 11 potions of lignification
Miscellaneous
 e - a phial of floods
 n - a lamp of fire
 p - a phial of floods
 v - 2 phantom mirrors
 N - a lightning rod (4/4)
 T - 2 sacks of spiders
 V - a lamp of fire
 Y - a fan of gales
 Z - 2 boxes of beasts
Comestibles
 c - 21 bread rations
 d - 25 meat rations
 x - 18 royal jellies
 F - 3 fruits


   Skills:
 O Level 27 Fighting
 - Level 18.4 Maces & Flails
 + Level 18.5 Crossbows
 O Level 27 Armour
 O Level 27 Dodging
 + Level 11.1 Stealth


You had 26 spell levels left.
You didn't know any spells.

Dungeon Overview and Level Annotations

Branches:
Dungeon (15/15)            Temple (0/1) D:7            Lair (6/6) D:9
  Swamp (4/4) Lair:3        Snake (4/4) Lair:4        Slime (0/5) Lair:6
    Orc (2/2) D:9             Elf (3/3) Orc:2        Vaults (5/5) D:13
  Crypt (1/3) Vaults:2     Depths (5/5) D:15            Zot (5/5) Depths:5

Altars:
Ashenzari
Dithmenos
Elyvilon
Fedhas
Gozag
Hepliaklqana
Makhleb
Nemelex Xobeh
Okawaru
Qazlal
Sif Muna
Uskayaw
Xom
Yredelemnul
The Shining One
Beogh
Jiyva

Shops:
D:8 }   Orc:2 [%*}   Elf:1 (   Elf:2 :   Snake:1 ?   Snake:2 }   Vaults:2 ![
Depths:1 %   Depths:2 }}=

Portals:
Hell: Depths:1 Depths:2 Depths:3 Depths:4 Depths:5
Abyss: Depths:1 Depths:4
Pandemonium: Depths:1 Depths:3
Ziggurat: Depths:3
Trove: Depths:3 (give +3 fire dragon scales)

Annotations:
Lair:6 exclusion: oklob plant
Swamp:2 1 transporter
Snake:3 exclusion: downstairs
Elf:2 1 runed door
Zot:1 exclusions: 3 lightning spires and 2 more exclusions
Zot:3 exclusion: door


Innate Abilities, Weirdness & Mutations

You reflexively headbutt those who attack you in melee.
You have a pair of large horns on your head.
You are partially covered in molten scales. (AC +2)
You are partially covered in slimy green scales. (AC +2)
You are clumsy. (Dex -2)
Your body often deteriorates upon taking damage.
You are very dopey. (Int -4)
Your flesh is heat resistant. (rF+)
You are frail. (-10% HP)
You occasionally shout uncontrollably at your foes.


Message History

The tormentor barely misses you.
You climb upwards.
There is a stone staircase leading down here.
You barely miss the tormentor. You headbutt the tormentor!
The tormentor is heavily wounded.
The tormentor completely misses you. You furiously retaliate!
You headbutt the tormentor!! The tormentor closely misses you.
You thrash the tormentor!!
You kill the tormentor!
Trog accepts your kill.
An orange demon and a cacodemon come into view.
The cacodemon shouts!
The orange demon screeches!
A sixfirhy comes into view.
There is a stone staircase leading up here.
You climb upwards.
There is a stone staircase leading down here.
An Orb Guardian comes into view.
There is a staircase leading out of the dungeon here.
The Orb Guardian hits you.
You have escaped!

..)...####.............#####.....
.#####............###### ###.....
####...#######.#.# ##.......
.....### ####.'########..#.....
.####.######.........##...##.....
.# ##.##..#.........#..#........
.# ##.#..#..⌠...⌠..#.#..#######
.# ##.............#...#######. .#
##..'....@X...'......#.... ##
#..#.........#.#......... #
#.....⌠...⌠..#.#.........
#..#.........#.#....#....
##.#.........#.......####
#.#####+#####.#........#
#######.###.#............###.#
##........................# #.#
##..#####.###......#.......# #..


You could see an Orb Guardian.

Vanquished Creatures
  5 orbs of fire
  4 ancient liches
  A juggernaut (Depths:4)
  Margery (Vaults:2)
  6 Killer Klowns
  9 golden dragons
  3 bone dragons (Depths:5)
  the Enchantress (Depths:5)
  5 electric golems
  24 Orb Guardians
  18 tentacled monstrosities
  Rupert (D:13)
  A lich (Depths:4)
  Asterion (Snake:3)
  8 quicksilver dragons
  2 sphinxes
  The ghost of Dickchan the Warrior, an adept MiBe of Trog (Snake:2)
  2 deep elf blademasters (Elf:3)
  2 deep elf master archers (Elf:3)
  An ancient champion (Vaults:2)
  9 death cobs
  Frances (D:13)
  4 thorn hunters
  The ghost of cba the Peltast, an adept FoFi of Okawaru (Snake:4)
  10 shadow dragons
  9 tengu reavers
  12 fire giants
  10 storm dragons
  11 frost giants
  11 nagarajas
  5 ghost moths
  21 vault wardens
  2 orc warlords (Orc:2)
  3 draconian scorchers
  3 iron dragons
  5 deep elf sorcerers
  2 draconian knights
  Aizul (Vaults:4)
  7 draconian shifters
  2 large abominations
  6 draconian annihilators
  17 ironheart preservers
  A draconian stormcaller (Zot:4)
  A ghoul (Swamp:1)
  2 deep elf elementalists
  The ghost of coier the Sorcerer, an adept DEFE of Vehumet (Swamp:4)
  3 spriggan defenders (Depths:5)
  2 war gargoyles
  20 stone giants
  31 very ugly things
  A caustic shrike skeleton (Depths:1)
  4 vampire knights
  2 entropy weavers
  10 green draconians
  A small abomination (Vaults:4)
  5 deep elf demonologists
  11 deep elf annihilators
  13 black draconians
  4 yellow draconians
  12 red draconians
  3 purple draconians
  5 spark wasps
  13 white draconians
  7 deep elf death magi
  18 yaktaur captains
  6 ettins
  4 fire dragons
  3 merfolk impalers
  6 deep elf high priests
  22 ogre magi
  A rakshasa (Depths:3)
  8 naga warriors
  29 vault guards
  10 ice dragons
  4 great orbs of eyes
  14 anacondas
  2 hell beasts
  4 spriggan air magi (Depths:5)
  4 alligators
  26 hydras
  5 ghost crabs
  9 centaur warriors
  5 death knights
  68 two-headed ogres
  An anaconda (shapeshifter) (Depths:1)
  26 dancing weapons
  10 deep troll shamans
  9 deep troll earth magi
  A vampire mage (Depths:3)
  5 orc high priests (Orc:2)
  3 spriggan berserkers
  4 tengu warriors
  Urug (D:13)
  10 shock serpents
  2 shock serpents (shapeshifter)
  12 spriggans
  The ghost of tailblues the Nimble, a journeyman FeTm of Elyvilon (Lair:3)
  17 naga sharpshooters
  A titan zombie (Depths:1)
  16 deep elf knights
  A shadow wraith (Vaults:4)
  3 iron trolls
  56 deep trolls
  6 skeletal warriors
  6 salamander mystics
  2 spriggan druids
  20 hell knights
  An unseen horror (D:15)
  7 wizards
  An unseen horror (shapeshifter) (Elf:2)
  Pikel (D:7)
  4 glowing orange brains
  14 naga ritualists
  3 flayed ghosts
  The ghost of Name63 the Basher, a novice MiMo of Kikubaaqudgha (D:7)
  9 swamp dragons
  The ghost of mimosa the Cleaver, a novice HOBe of Trog (D:5)
  4 harpies
  22 orc knights
  A phantasmal warrior (Vaults:5)
  2 shambling mangroves
  19 deep elf archers
  17 ironbrand convokers
  7 necromancers
  53 ugly things
  60 deep elf magi
  18 mana vipers
  6 orc sorcerers
  4 wolf spiders
  5 cyclopes
  18 salamanders
  A faun (shapeshifter) (Vaults:4)
  2 manticores
  A guardian serpent (shapeshifter) (Depths:1)
  23 moths of wrath
  2 human skeletons (Vaults:1)
  A stone giant zombie (Depths:1)
  A rust devil (Depths:1)
  A black mamba (shapeshifter) (Elf:1)
  A frost giant skeleton (Vaults:5)
  10 elephants
  15 vault sentinels
  35 black mambas
  A water nymph (shapeshifter) (Depths:1)
  An elephant (shapeshifter) (Vaults:1)
  4 guardian serpents
  An eye of devastation (shapeshifter) (Depths:2)
  5 centaur zombies
  21 naga magi
  91 yaktaurs
  A spriggan skeleton (Depths:1)
  20 spiny frogs
  4 gargoyles
  9 freezing wraiths
  A spiny frog (shapeshifter) (Depths:1)
  2 kobold demonologists
  3 komodo dragons
  A tormentor (D:2)
  6 rime drakes
  2 ice devils
  A meliai (shapeshifter) (Vaults:1)
  7 tengu conjurers
  21 trolls
  A jumping spider (Vaults:2)
  A wind drake (shapeshifter) (Vaults:2)
  A tengu simulacrum (Vaults:5)
  3 tyrant leeches
  A polar bear (Lair:4)
  A dream sheep (shapeshifter) (Depths:2)
  A hornet (shapeshifter) (Vaults:4)
  20 hornets
  22 slime creatures
  A raiju (shapeshifter) (Depths:5)
  14 bog bodies
  Grinder (D:4)
  5 raiju (Zot:1)
  31 blink frogs
  7 dream sheep (Lair:6)
  A hippogriff (shapeshifter) (Vaults:4)
  2 fire giant simulacra
  24 hippogriffs
  Sigmund (D:2)
  8 air elementals
  6 redbacks
  2 stone giant simulacra (Vaults:5)
  6 water elementals
  10 wraiths
  An ettin skeleton (Depths:1)
  10 wyverns
  2 shadows
  44 yaks
  A human (shapeshifter) (Elf:1)
  5 basilisks
  5 fire elementals
  16 humans (D:13)
  27 vampire mosquitoes
  A hungry ghost (D:15)
  A steam dragon (shapeshifter) (Depths:2)
  A steam dragon (Lair:5)
  A yaktaur simulacrum (Vaults:1)
  A swamp worm (shapeshifter) (Elf:3)
  5 wargs
  15 insubstantial wisps
  57 nagas
  A soldier ant (D:12)
  13 swamp worms
  3 acid dragons
  A warg (shapeshifter) (Depths:3)
  17 water moccasins
  4 porcupines
  A water moccasin (shapeshifter) (Elf:1)
  3 hell hounds
  53 orc warriors
  14 swamp drakes
  A black bear (shapeshifter) (Vaults:2)
  Purgy (D:4)
  4 black bears
  8 ice beasts
  5 necrophages
  2 sky beasts
  An eye of draining (D:11)
  60 ogres
  9 wolves (Lair:6)
  18 centaurs
  6 boggarts (Vaults:1)
  11 crocodiles
  A big kobold (shapeshifter) (Vaults:4)
  2 big kobolds
  21 bullfrogs
  Blork the orc (D:4)
  A gnoll sergeant (D:9)
  6 earth elementals
  A wyvern skeleton (D:8)
  3 scorpions
  A human simulacrum (Vaults:2)
  31 killer bees
  4 electric eels
  4 howler monkeys
  8 crimson imps
  The ghost of coier the Firebug, a weakling DEFE (D:3)
  5 hounds
  7 jellies
  3 quasits
  20 orc wizards
  5 centaur skeletons
  38 orc priests
  2 bullfrog skeletons
  A bullfrog zombie (D:10)
  2 gnoll shamans (D:7)
  3 iguanas
  9 worker ants
  A wolf simulacrum (IceCv)
  A worker ant zombie (D:8)
  Robin (D:4)
  11 adders
  15 gnolls
  A shadow imp (D:10)
  A white imp (Depths:3)
  3 oozes
  An adder zombie (D:9)
  6 worms
  A ball lightning (Zot:1)
  3 dart slugs
  4 leopard geckos
  109 orcs
  7 bats
  A giant cockroach (D:4)
  21 goblins
  9 hobgoblins
  7 jackals
  5 quokkas
  A ball python (D:8)
  5 frilled lizards
  17 kobolds
  A leopard gecko zombie (D:7)
  7 rats
  A plant (Lair:6)
2453 creatures vanquished.

Vanquished Creatures (collateral kills)
  A tentacled monstrosity (Vaults:5)
  A tengu reaver (Vaults:5)
  A frost giant (Vaults:5)
  A ghost moth (Zot:5)
  A vault warden (Vaults:2)
  A draconian shifter (Zot:1)
  A deep elf elementalist (Elf:3)
  An ironheart preserver (Vaults:2)
  2 large abominations (Vaults:5)
  2 stone giants
  A black draconian (Zot:1)
  2 ettins (Vaults:5)
  2 deep elf death magi (Elf:3)
  A yaktaur captain (Vaults:5)
  A vault guard (Vaults:4)
  A hydra (Swamp:2)
  3 two-headed ogres
  A dancing weapon (Elf:3)
  An ogre mage (Vaults:2)
  A naga sharpshooter (Snake:3)
  A spriggan berserker (Depths:5)
  A spriggan (Depths:5)
  2 hell knights (Vaults:2)
  A deep troll (Vaults:4)
  An unseen horror (D:12)
  A swamp dragon (Swamp:4)
  2 ironbrand convokers (Vaults:4)
  An orc knight (Vaults:4)
  2 harpies (Vaults:5)
  A black mamba (Snake:3)
  A guardian serpent (Snake:4)
  2 vault sentinels
  A torpor snail (Lair:6)
  A freezing wraith (Vaults:4)
  A spiny frog (Lair:6)
  2 yaktaurs
  A troll (Orc:2)
  A hornet (Depths:5)
  A blink frog (Lair:6)
  4 slime creatures
  A bog body (Swamp:4)
  2 yaks (Lair:6)
  2 swamp worms (Swamp:2)
  3 nagas
  An orc warrior (Orc:2)
  2 ogres (Vaults:2)
  3 killer bees (D:10)
  2 orc priests (Orc:2)
  6 orcs
76 creatures vanquished.

Vanquished Creatures (others)
  A tentacled monstrosity (Zot:3)
  An eldritch tentacle (Zot:5)
  A storm dragon (Zot:1)
  An ironheart preserver (Vaults:5)
  A stone giant (Depths:2)
  2 black draconians (Zot:1)
  An ice dragon (Depths:5)
  An unseen horror (shapeshifter) (Vaults:2)
  A spriggan druid (Swamp:2)
  A deep elf mage (Elf:1)
  A spiny frog (Swamp:3)
  2 yaktaurs (Vaults:5)
  A slime creature (Swamp:4)
  A redback (shapeshifter) (Vaults:5)
  A warg (Vaults:3)
  A swamp worm (Swamp:4)
  A boggart (shapeshifter) (Vaults:5)
  A worker ant (D:7)
  A gnoll (D:7)
  4 ball lightnings (Zot:1)
  An orc (D:7)
  3 fungi (Lair:6)
  42 plants
71 creatures vanquished.

Grand Total: 2600 creatures vanquished

Notes
Turn   | Place    | Note
-------+----------+-------------------------------------------
     0 | D:1      | libidonplus the Minotaur Berserker began the quest for the Orb.
     0 | D:1      | Reached XP level 1. HP: 19/19 MP: 0/0
    81 | D:1      | Reached XP level 2. HP: 13/27 MP: 1/1
   599 | D:1      | Reached ** piety under Trog
   604 | D:1      | Reached XP level 3. HP: 32/33 MP: 2/2
   886 | D:2      | Reached skill level 5 in Maces & Flails
  1212 | D:2      | Reached XP level 4. HP: 37/41 MP: 3/3
  1273 | D:2      | Found a shadowy altar of Dithmenos.
  1324 | D:2      | Noticed Sigmund
  1333 | D:2      | Killed Sigmund
  1333 | D:2      | Reached skill level 5 in Fighting
  1333 | D:2      | Reached XP level 5. HP: 48/48 MP: 4/4
  1646 | D:2      | Found a basalt altar of Yredelemnul.
  1646 | D:2      | Found a shattered altar of Ashenzari.
  1756 | D:3      | Reached XP level 6. HP: 36/56 MP: 5/5
  2009 | D:3      | Noticed coier's ghost (weakling DEFE)
  2017 | D:3      | Killed coier's ghost
  2151 | D:3      | Reached *** piety under Trog
  2502 | D:3      | Found a hide-covered altar of Uskayaw.
  2724 | D:4      | Noticed Robin
  2745 | D:4      | Killed Robin
  2745 | D:4      | Reached XP level 7. HP: 63/63 MP: 6/6
  2917 | D:4      | Reached **** piety under Trog
  3037 | D:4      | Noticed Blork the orc
  3047 | D:4      | Killed Blork the orc
  3186 | D:4      | Noticed Purgy
  3195 | D:4      | Killed Purgy
  3364 | D:4      | Noticed Grinder
  3376 | D:4      | Killed Grinder
  3376 | D:4      | Reached XP level 8. HP: 73/73 MP: 7/7
  3633 | D:4      | Reached skill level 10 in Maces & Flails
  3687 | D:5      | Entered Level 5 of the Dungeon
  3706 | D:5      | Got a shimmering gossamer ring
  3708 | D:5      | Identified the cursed ring of Ekhut {-Tele rN+ MR+++ Str+4 Dex-3} (You found it on level 5 of the Dungeon)
  3756 | D:5      | Found an opulent altar of Gozag.
  3959 | D:5      | Noticed mimosa's ghost (novice HOBe)
  3968 | D:5      | Killed mimosa's ghost
  4035 | D:5      | Reached XP level 9. HP: 74/83 MP: 8/8
  4528 | D:6      | Found a shimmering altar of Xom.
  4692 | D:6      | Reached skill level 10 in Fighting
  4893 | D:6      | Found an iron altar of Okawaru.
  5134 | D:6      | Found a white marble altar of Elyvilon.
  5313 | D:7      | Noticed Pikel
  5339 | D:7      | Killed Pikel
  5339 | D:7      | Reached XP level 10. HP: 94/94 MP: 9/9
  5545 | D:7      | Found a deep blue altar of Sif Muna.
  5545 | D:7      | Found an iron altar of Okawaru.
  5551 | D:7      | Found a hazy altar of Hepliaklqana.
  5551 | D:7      | Found a shattered altar of Ashenzari.
  5552 | D:7      | Found a deep blue altar of Sif Muna.
  5552 | D:7      | Found a shimmering altar of Xom.
  5554 | D:7      | Found a shimmering altar of Xom.
  5554 | D:7      | Found an iron altar of Okawaru.
  5555 | D:7      | Found a white marble altar of Elyvilon.
  5555 | D:7      | Found a stormy altar of Qazlal.
  5556 | D:7      | Found a shattered altar of Ashenzari.
  5556 | D:7      | Found a blossoming altar of Fedhas.
  5564 | D:7      | Found a staircase to the Ecumenical Temple.
  5696 | D:7      | Noticed Name63's ghost (novice MiMo)
  5707 | D:7      | Killed Name63's ghost
  5863 | D:7      | Received a gift from Trog
  6284 | D:7      | Found a burning altar of Makhleb.
  6420 | D:8      | Found Bexaxtag's Gadget Shoppe.
  6975 | D:8      | Found a deep blue altar of Sif Muna.
  7520 | D:9      | Reached ***** piety under Trog
  7717 | D:9      | Reached skill level 5 in Crossbows
  7827 | D:9      | Found a staircase to the Lair.
  7885 | D:9      | Found a staircase to the Orcish Mines.
  8214 | D:10     | Entered Level 10 of the Dungeon
  8345 | D:10     | Received a gift from Trog
  8345 | D:10     | Reached XP level 11. HP: 106/106 MP: 10/10
  8501 | D:10     | Noticed a two-headed ogre
  8520 | D:10     | Killed a two-headed ogre
  9084 | D:10     | Gained mutation: Your body sometimes deteriorates upon taking damage. [potion of mutation]
  9084 | D:10     | Gained mutation: You are partially covered in molten scales. (AC +2) [potion of mutation]
  9084 | D:10     | Gained mutation: You have a pair of large horns on your head. [potion of mutation]
  9084 | D:10     | Gained mutation: You are partially covered in slimy green scales. (AC +2) [potion of mutation]
  9269 | D:11     | Reached skill level 5 in Dodging
  9360 | D:11     | Found a frozen archway.
  9405 | IceCv    | Entered an ice cave
  9919 | D:11     | Received a gift from Trog
 10224 | D:12     | Received a gift from Trog
 10325 | D:12     | Noticed a two-headed ogre
 10334 | D:12     | Killed an unseen horror
 10336 | D:12     | Killed a two-headed ogre
 10440 | D:12     | Noticed a two-headed ogre
 10479 | D:12     | Reached XP level 12. HP: 107/118 MP: 11/11
 10510 | D:12     | Killed a two-headed ogre
 10510 | D:12     | Reached skill level 15 in Fighting
 10511 | D:12     | Noticed an iron dragon
 10558 | D:12     | Killed an iron dragon
 10627 | D:12     | Noticed a two-headed ogre
 10632 | D:12     | Killed a two-headed ogre
 10780 | D:12     | Noticed a five-headed hydra
 10790 | D:12     | Killed a five-headed hydra
 10829 | D:12     | Noticed an ogre mage
 10832 | D:12     | Noticed a two-headed ogre
 10834 | D:12     | Noticed a two-headed ogre
 10834 | D:12     | Noticed a two-headed ogre
 10835 | D:12     | Noticed a two-headed ogre
 10838 | D:12     | Killed a two-headed ogre
 10844 | D:12     | Killed an ogre mage
 10854 | D:12     | Killed a two-headed ogre
 10858 | D:12     | Killed a two-headed ogre
 10861 | D:12     | Killed a two-headed ogre
 11212 | D:12     | Noticed a two-headed ogre
 11214 | D:12     | Killed a two-headed ogre
 11921 | D:12     | Received a gift from Trog
 12166 | D:13     | Found a gate to the Vaults.
 12166 | D:13     | Noticed Rupert
 12166 | D:13     | Noticed Urug
 12166 | D:13     | Noticed a centaur warrior
 12166 | D:13     | Noticed a two-headed ogre
 12168 | D:13     | Noticed Frances
 12231 | D:11     | Reached XP level 13. HP: 130/130 MP: 12/12
 12300 | Lair:1   | Entered Level 1 of the Lair of Beasts
 12482 | Lair:1   | Got a brightly glowing ring mail
 12650 | Lair:1   | Reached skill level 10 in Crossbows
 12658 | Lair:1   | Identified the cursed +1 ring mail of Mysticism {rPois rN+ MR+ Slay-5} (You found it on level 1 of the Lair of Beasts)
 13158 | Lair:2   | Got a steaming plate armour
 13181 | Lair:2   | Identified the +9 plate armour of the Curious Lovers {-Cast rCorr Dex+9 Stlth-} (You found it on level 2 of the Lair of Beasts)
 13725 | Lair:3   | Noticed tailblues's ghost (journeyman FeTm)
 13743 | Lair:3   | Killed tailblues's ghost
 13887 | Lair:3   | Found a staircase to the Swamp.
 13948 | Lair:3   | Reached skill level 10 in Dodging
 14045 | Lair:3   | Reached skill level 5 in Armour
 14876 | Lair:4   | Found a staircase to the Snake Pit.
 14888 | Lair:4   | Received a gift from Trog
 15924 | Lair:6   | Entered Level 6 of the Lair of Beasts
 16037 | Lair:6   | Received a gift from Trog
 16082 | Lair:6   | Reached XP level 14. HP: 144/144 MP: 13/13
 16156 | Lair:6   | Received a gift from Trog
 16516 | Lair:6   | Got a twisted flail
 16521 | Lair:6   | Identified the +8 flail of Zof Mis {freeze, -Tele rC+ SInv} (You found it on level 6 of the Lair of Beasts)
 16712 | Lair:6   | Reached ****** piety under Trog
 16712 | Lair:6   | Received a gift from Trog
 17157 | Lair:6   | Found a viscous altar of Jiyva.
 17159 | Lair:6   | Found a staircase to the Slime Pits.
 17435 | Orc:1    | Entered Level 1 of the Orcish Mines
 17573 | Orc:2    | Entered Level 2 of the Orcish Mines
 17573 | Orc:2    | Found a roughly hewn altar of Beogh.
 17800 | Orc:2    | Noticed an orc warlord
 17832 | Orc:2    | Killed an orc warlord
 17903 | Orc:2    | Found a staircase to the Elven Halls.
 18378 | Orc:1    | Noticed an orc warlord
 18554 | Orc:2    | Received a gift from Trog
 18570 | Orc:2    | Reached XP level 15. HP: 156/156 MP: 14/14
 18618 | Orc:2    | Reached skill level 10 in Armour
 18837 | Orc:2    | Found Xuopluro's Antique Armour Boutique.
 18841 | Orc:2    | Found Fitil's General Store.
 18841 | Orc:2    | Found Romonops's Food Boutique.
 18842 | Orc:2    | Found Bockate's Gadget Boutique.
 18863 | Orc:2    | Bought a pair of faintly glowing boots for 266 gold pieces
 18879 | Orc:2    | Identified the cursed -4 pair of boots "Joriph" {rN+ Str+3} (You bought it in a shop on level 2 of the Orcish Mines)
 19089 | Orc:2    | Killed an orc warlord
 19397 | D:13     | Killed Urug
 19525 | D:13     | Received a gift from Trog
 19589 | D:13     | Killed Rupert
 19891 | Snake:1  | Entered Level 1 of the Snake Pit
 19891 | Snake:1  | Noticed a nagaraja
 19917 | Snake:1  | Killed a nagaraja
 20451 | Snake:1  | Received a gift from Trog
 21022 | Snake:1  | Found Hydalece's Magic Scroll Shop.
 21030 | Snake:1  | Bought a scroll of blinking for 135 gold pieces
 21030 | Snake:1  | Bought a scroll of fog for 36 gold pieces
 21193 | Snake:2  | Reached skill level 15 in Maces & Flails
 21530 | Snake:2  | Received a gift from Trog
 21530 | Snake:2  | Reached XP level 16. HP: 138/169 MP: 15/15
 21604 | Snake:2  | Noticed Dickchan's ghost (adept MiBe)
 21625 | Snake:2  | Killed Dickchan's ghost
 22236 | Snake:2  | Found Nuimait's Gadget Boutique.
 22834 | Snake:3  | Received a gift from Trog
 23339 | Snake:3  | Received a gift from Trog
 23544 | Snake:4  | Entered Level 4 of the Snake Pit
 23544 | Snake:4  | Found a burning altar of Makhleb.
 23633 | Snake:4  | Noticed cba's ghost (adept FoFi)
 23649 | Snake:4  | Killed cba's ghost
 23722 | Snake:4  | Noticed Asterion
 24270 | Snake:3  | Killed Asterion
 24689 | Snake:4  | Received a gift from Trog
 24803 | Snake:4  | Reached XP level 17. HP: 159/180 MP: 16/16
 25366 | Snake:4  | Received a gift from Trog
 26060 | Snake:4  | Got a serpentine rune of Zot
 26849 | Swamp:1  | Entered Level 1 of the Swamp
 27056 | Swamp:1  | Received a gift from Trog
 28334 | Swamp:2  | Found a transporter.
 28442 | Swamp:2  | Reached skill level 15 in Armour
 28563 | Swamp:2  | Received a gift from Trog
 28844 | Swamp:3  | Got a twisted hand crossbow
 28845 | Swamp:3  | Identified the +5 hand crossbow "Wihyl" {venom, rElec Dex+9} (You found it on level 3 of the Swamp)
 29064 | Swamp:3  | Reached XP level 18. HP: 192/192 MP: 17/17
 29318 | Swamp:3  | Received a gift from Trog
 29636 | Swamp:4  | Entered Level 4 of the Swamp
 29911 | Swamp:4  | Received a gift from Trog
 30624 | Swamp:4  | Got a decaying rune of Zot
 30859 | Swamp:4  | Received a gift from Trog
 31093 | Swamp:4  | Noticed coier's ghost (adept DEFE)
 31122 | Swamp:4  | Killed coier's ghost
 31948 | D:13     | Killed Frances
 32656 | D:14     | Received a gift from Trog
 33178 | D:15     | Entered Level 15 of the Dungeon
 33536 | D:15     | Found a staircase to the Depths.
 34088 | Snake:1  | Bought a scroll of enchant weapon for 135 gold pieces
 34088 | Snake:1  | Bought a scroll of enchant weapon for 135 gold pieces
 34304 | Vaults:1 | Entered Level 1 of the Vaults
 34327 | Vaults:1 | Received a gift from Trog
 34550 | Vaults:1 | Received a gift from Trog
 34892 | Vaults:1 | Reached XP level 19. HP: 204/204 MP: 18/18
 35011 | Vaults:1 | Found a sparkling altar of Nemelex Xobeh.
 35104 | Vaults:1 | Paralysed by a hornet for 3 turns
 35390 | Vaults:1 | Received a gift from Trog
 35966 | Vaults:1 | Received a gift from Trog
 36399 | Vaults:2 | Received a gift from Trog
 36576 | Vaults:2 | Found Dosol's Armour Shop.
 36754 | Vaults:1 | Received a gift from Trog
 37469 | Vaults:2 | Noticed Margery
 37482 | Vaults:2 | Killed Margery
 37486 | Vaults:2 | Received a gift from Trog
 37517 | Vaults:2 | Received a gift from Trog
 37604 | Vaults:2 | Found Rocudel's Distillery.
 37818 | Vaults:2 | Found a staircase to the Crypt.
 37819 | Vaults:2 | Reached skill level 27 in Fighting
 37845 | Vaults:2 | Reached XP level 20. HP: 216/216 MP: 19/19
 37880 | Vaults:2 | Received a gift from Trog
 38208 | Vaults:2 | Reached skill level 15 in Dodging
 38994 | Vaults:2 | Received a gift from Trog
 40120 | Vaults:3 | Received a gift from Trog
 40681 | Vaults:4 | Received a gift from Trog
 40702 | Vaults:4 | Noticed Aizul
 40711 | Vaults:4 | Received a gift from Trog
 40715 | Vaults:4 | Killed Aizul
 41669 | Vaults:4 | Received a gift from Trog
 41773 | Vaults:4 | Reached XP level 21. HP: 222/224 MP: 20/20
 42266 | Depths:1 | Entered Level 1 of the Depths
 42266 | Depths:1 | Found Pisain's Food Boutique.
 42545 | Depths:1 | Found a one-way gate leading to the halls of Pandemonium.
 42748 | Depths:1 | Found a one-way gate to the infinite horrors of the Abyss.
 42770 | Depths:1 | Received a gift from Trog
 42893 | Depths:1 | Found a gateway to Hell.
 43418 | Depths:1 | Reached skill level 1 in Stealth
 43774 | Depths:2 | Received a gift from Trog
 44132 | Depths:2 | Received a gift from Trog
 44589 | Depths:2 | Found Uvvass's Jewellery Shoppe.
 44589 | Depths:2 | Found Jikasaw's Gadget Boutique.
 44590 | Depths:2 | Found Utozeemiwo's Gadget Boutique.
 44689 | Depths:3 | Found a glowing golden altar of the Shining One.
 44961 | Depths:3 | Found a gateway to a ziggurat.
 45044 | Depths:3 | Reached skill level 5 in Stealth
 45044 | Depths:3 | Reached XP level 22. HP: 231/233 MP: 21/21
 45064 | Depths:3 | Received a gift from Trog
 45217 | Depths:3 | Found a portal to a secret trove of treasure.
 46585 | Depths:3 | Received a gift from Trog
 47023 | Depths:4 | Noticed a juggernaut
 47037 | Depths:4 | Killed a juggernaut
 47213 | Depths:4 | Received a gift from Trog
 48229 | Depths:5 | Entered Level 5 of the Depths
 48232 | Depths:5 | Received a gift from Trog
 48233 | Depths:5 | Reached skill level 15 in Crossbows
 48539 | Depths:5 | Noticed the Enchantress
 48563 | Depths:5 | Killed the Enchantress
 48586 | Depths:5 | Paralysed by a hornet for 1 turns
 48599 | Depths:5 | Got faerie dragon scales
 48610 | Depths:5 | Identified the +5 faerie dragon scales {rC+ rCorr Int+4} (You took it off the Enchantress on level 5 of the Depths)
 48752 | Depths:5 | Reached XP level 23. HP: 139/240 MP: 22/22
 49828 | Depths:5 | Found a gate to the Realm of Zot.
 50433 | D:12     | Received a gift from Trog
 51225 | Elf:1    | Entered Level 1 of the Elven Halls
 51917 | Elf:1    | Found Nur Xoep's Antique Weapon Boutique.
 51921 | Elf:1    | Received a gift from Trog
 52790 | Elf:2    | Got a steaming bone ring
 52793 | Elf:2    | Identified the ring "Feter" {rN+ Str+4 Stlth-} (You found it on level 2 of the Elven Halls)
 52914 | Elf:2    | Found Rozy's Book Shoppe.
 52956 | Elf:2    | Received a gift from Trog
 53102 | Elf:2    | Found a runed door.
 53114 | Elf:2    | Found a runed door.
 54101 | Crypt:1  | Entered Level 1 of the Crypt
 54516 | Elf:3    | Entered Level 3 of the Elven Halls
 54747 | Elf:3    | Received a gift from Trog
 54929 | Elf:3    | Received a gift from Trog
 55320 | Elf:3    | Reached XP level 24. HP: 249/249 MP: 22/22
 56353 | Vaults:5 | Entered Level 5 of the Vaults
 56361 | Vaults:5 | Received a gift from Trog
 56505 | Vaults:5 | Noticed an ancient lich
 56515 | Vaults:5 | Killed an ancient lich
 56692 | Vaults:5 | Received a gift from Trog
 57801 | Vaults:5 | Received a gift from Trog
 57944 | Vaults:4 | Reached XP level 25. HP: 126/257 MP: 22/22
 58262 | Vaults:4 | Got a scorched great mace {chaos}
 58263 | Vaults:4 | Identified the +5 great mace of Overwhelming Force {chaos, +Blink} (You took it off a fire giant on level 4 of the Vaults)
 58451 | Vaults:5 | Identified the Compendium of the Shifting Rocks
 58769 | Vaults:5 | Received a gift from Trog
 58827 | Vaults:5 | Identified the Volume of Poison
 58969 | Vaults:5 | Received a gift from Trog
 59283 | Vaults:5 | Received a gift from Trog
 59360 | Vaults:5 | Got a silver rune of Zot
 60148 | Zot:1    | Entered Level 1 of the Realm of Zot
 60210 | Zot:1    | Received a gift from Trog
 61185 | Zot:1    | Received a gift from Trog
 62998 | Zot:2    | Reached XP level 26. HP: 266/266 MP: 22/22
 63883 | Zot:3    | Noticed an orb of fire
 64107 | Zot:4    | Received a gift from Trog
 64107 | Zot:4    | Reached skill level 27 in Armour
 64993 | Zot:5    | Entered Level 5 of the Realm of Zot
 65001 | Zot:4    | Received a gift from Trog
 65649 | Zot:5    | Noticed an orb of fire
 65720 | Zot:4    | Gained mutation: You are clumsy. (Dex -2) [an orb of fire]
 65728 | Zot:4    | Gained mutation: You are dopey. (Int -2) [an orb of fire]
 65734 | Zot:4    | Killed an orb of fire
 65848 | Zot:5    | Noticed an ancient lich
 65860 | Zot:5    | Killed an ancient lich
 66007 | Zot:5    | Noticed an ancient lich
 66142 | Zot:5    | Killed an ancient lich
 66231 | Zot:5    | Received a gift from Trog
 66294 | Zot:5    | Reached skill level 27 in Dodging
 66688 | Zot:5    | Noticed an ancient lich
 66690 | Zot:5    | Killed an ancient lich
 66690 | Zot:5    | Reached XP level 27. HP: 273/273 MP: 22/22
 67374 | Zot:5    | Noticed an orb of fire
 67377 | Zot:5    | Killed an orb of fire
 68898 | Zot:5    | Noticed an orb of fire
 68908 | Zot:5    | Noticed an orb of fire
 68910 | Zot:5    | Gained mutation: You are frail. (-10% HP) [an orb of fire]
 68916 | Zot:5    | Gained mutation: Your body often deteriorates upon taking damage. [an orb of fire]
 69070 | Zot:5    | Killed an orb of fire
 69078 | Zot:5    | Killed an orb of fire
 69253 | Zot:5    | Received a gift from Trog
 69268 | Zot:5    | Reached skill level 10 in Stealth
 69475 | Zot:5    | Noticed an orb of fire
 69478 | Zot:5    | Gained mutation: You occasionally shout uncontrollably at your foes. [an orb of fire]
 69517 | Zot:5    | Gained mutation: Your flesh is heat resistant. (rF+) [an orb of fire]
 69524 | Zot:5    | Killed an orb of fire
 71612 | Zot:5    | Got the Orb of Zot
 71835 | Depths:5 | Noticed Sopuf the pandemonium lord
 72034 | Depths:1 | Noticed Qalimaff the pandemonium lord
 72200 | D:8      | Lost intelligence.
 72200 | D:8      | Gained mutation: You are very dopey. (Int -4) [a cacodemon]
 72360 | D:$      | Escaped with the Orb!

Skill      XL: |  1  2  3  4  5  6  7  8  9 10 11 12 13 14 15 16 17 18 19 20 21 22 23 24 25 26 27 |
---------------+----------------------------------------------------------------------------------+-----
Maces & Flails | 4 5 6 7 8 9 11 13 14 15 16 17 18 | 18.4
Fighting       | 4 5 6 7 9 10 12 14 16 18 20 22 23 24 25 27 | 27.0
Crossbows      | 2 5 7 9 10 12 13 15 18 | 18.5
Armour         | 3 4 6 9 11 13 15 16 18 19 21 22 24 26 27 | 27.0
Dodging        | 4 6 9 10 11 13 14 16 17 19 21 22 24 27 | 27.0
Stealth        | 5 6 11 | 11.1

Action                   |  1- 3 |  4- 6 |  7- 9 | 10-12 | 13-15 | 16-18 | 19-21 | 22-24 | 25-27 || total
-------------------------+-------+-------+-------+-------+-------+-------+-------+-------+-------++-------
Melee: Mace              |    69 |    12 |       |       |       |       |       |       |       ||    81
       Headbutt          |    13 |    22 |    40 |    97 |   226 |   188 |   375 |   379 |   320 ||  1660
       Whip              |       |   131 |   199 |   472 |   305 |       |       |       |       ||  1107
       Flail             |       |       |       |       |   352 |   456 |       |       |       ||   808
       Great mace        |       |       |       |       |       |   141 |   357 |       |       ||   498
       Demon whip        |       |       |       |       |       |       |   635 |  1001 |   832 ||  2468
 Fire: Hand crossbow     |       |       |    14 |       |       |       |       |       |       ||    14
       Arbalest          |       |       |       |   141 |       |       |       |       |       ||   141
       Triple crossbow   |       |       |       |    53 |   335 |   566 |   436 |   470 |   348 ||  2208
Throw: Javelin           |     3 |       |     2 |       |       |       |       |       |       ||     5
Invok: Berserk           |     1 |     3 |     3 |     1 |     1 |     3 |       |     1 |     2 ||    15
       Trog's Hand       |       |     2 |     5 |     5 |     5 |     9 |     5 |    13 |    13 ||    57
       Brothers in Arms  |       |       |       |     4 |     5 |     6 |     5 |     8 |     5 ||    33
       Burn Spellbooks   |       |       |       |     1 |       |     3 |     2 |     3 |     6 ||    15
Evoke: Wand              |       |       |     2 |     1 |       |     1 |       |       |    11 ||    15
       Sack of spiders   |       |       |       |       |       |       |     1 |       |       ||     1
       Phial of floods   |       |       |       |       |       |       |       |     1 |       ||     1
  Use: Scroll            |       |     7 |     2 |    11 |     5 |     6 |     7 |    10 |    13 ||    61
       Potion            |       |     1 |       |     2 |       |     4 |     1 |     7 |     7 ||    22
 Stab: Sleeping          |     1 |       |       |       |       |       |       |       |       ||     1
  Eat: Chunk             |     2 |     6 |     9 |    26 |    29 |    21 |    24 |    30 |    18 ||   165
       Bread ration      |       |     1 |       |       |       |     2 |     1 |     2 |     3 ||     9
       Fruit             |       |       |     1 |       |     7 |    17 |     1 |     4 |    10 ||    40
       Royal jelly       |       |       |       |       |       |     4 |     4 |     1 |     2 ||    11
       Meat ration       |       |       |       |       |       |       |       |     1 |     3 ||     4
Armor: Animal skin       |    25 |     4 |       |       |       |       |       |       |       ||    29
       Plate armour      |       |    63 |    64 |   214 |   330 |   550 |   522 |   441 |   392 ||  2576
       Skin              |       |       |       |       |       |    58 |       |       |       ||    58
Dodge: Dodged            |    59 |    77 |    37 |   164 |   470 |   581 |   778 |   936 |   804 ||  3906
Block: Other             |       |       |    12 |    55 |     5 |       |       |       |       ||    72
       Reflection        |       |       |     2 |     1 |       |       |       |       |       ||     3
